 Dungeon Crawl Stone Soup version 0.29.0-4-gdea44cf6ec (webtiles) character file.

Game seed: 18020882648916540542

21 qw the Chopper (level 2, 0/24 HPs)
             Began as a Barachi Chaos Knight on Sept 6, 2022.
             Slain by a hobgoblin (1 damage)
             ... on level 2 of the Dungeon.
             The game lasted 00:00:22 (1124 turns).

qw the Chopper (Barachi Chaos Knight)               Turns: 1124, Time: 00:00:23

Health: 0/24       AC:  5    Str: 13    XL:     2   Next: 87%
Magic:  2/2        EV: 11    Int: 12    God:
Gold:   49         SH:  0    Dex: 11    Spells: 1/1 levels left

rFire   . . .      SeeInvis .   Y - +0 hand axe (chaos)
rCold   . . .      Faith    .   (no shield)
rNeg    . . .      Spirit   .   b - +2 leather armour
rPois   .          Reflect  .   (no helmet)
rElec   .          Harm     .   (no cloak)
rCorr   .          Rampage  .   (no gloves)
Will    .....                   (no boots)
Stlth   +.........              (no amulet)
HPRegen 0.08/turn               (no ring)
MPRegen 0.08/turn               (no ring)

@: slow
A: amphibious, slowness 1, strong legs 1, +LOS
a: Hop


You were on level 2 of the Dungeon.
You visited 1 branch of the dungeon, and saw 2 of its levels.

You collected 49 gold pieces.


Innate Abilities, Weirdness & Mutations

You are amphibious.
You cover ground slowly.
You can hop short distances.
You have an extended range of vision and can be seen from far away.


   Skills:
 - Level 3.6 Fighting
 + Level 4.4 Axes
 - Level 2.4 Armour
 - Level 1.1 Dodging


You had one spell level left.
You didn't know any spells.
Your spell library was empty.

Inventory:

Hand Weapons
 d - a +0 mace
 Y - a +0 hand axe of chaos (weapon)
Armour
 b - a +2 leather armour (worn)
Potions
 e - a potion of brilliance {unknown}
 h - a potion of ambrosia {unknown}
Miscellaneous
 c - a piece from Xom's chessboard (15/15)

Dungeon Overview and Level Annotations

Branches:
Dungeon (2/15)

Altars:

Annotations:
D:2 Natasha


Message History

Existing waypoints: (2) D:1 Assign waypoint to what number? (0-9, D - delete waypoint) Waypoint 1 assigned to D:2.
Natasha, Servant of Life and Death comes into view.
Natasha hisses angrily.
A quokka comes into view.
Natasha casts a spell.
The hobgoblin hits you.
You barely miss the hobgoblin.
Natasha casts a spell.
The dart slug launches a dart at you.
The slug dart hits you but does no damage.
The hobgoblin misses you.
You hit the hobgoblin but do no damage. The hobgoblin barely misses you.
The crimson imp blinks!
You hit the dart slug.
The dart slug is moderately wounded.
You barely miss the hobgoblin. The hobgoblin hits you.
The crimson imp blinks!
The dart slug launches a dart at you. The slug dart hits you.
You hit the dart slug. You drain the dart slug.
The dart slug is almost dead.
You closely miss the hobgoblin.
A quokka comes into view.
The hobgoblin barely misses you.
You hit the dart slug. You freeze the dart slug.
You kill the dart slug!
You hit the hobgoblin. You burn the hobgoblin. The hobgoblin hits you.
Natasha barely misses you.
You barely miss the hobgoblin.
The hobgoblin is severely wounded.
You hit Natasha. You freeze Natasha. The hobgoblin barely misses you.
Natasha claws you!
You closely miss the hobgoblin.
The hobgoblin is severely wounded.
You hit Natasha. The hobgoblin barely misses you. Natasha claws you!
The hobgoblin hits you.
You die...
Xom chortles!

#### #...
##..# ...
##5# ##<.#
##..##
#h@##
......5g##
###...rr
#.....
#...#.
#.#.#.
#.#... # r
.. ..


You could see Natasha, a crimson imp (summoned), a shadow imp (summoned), 2
quokkas and a hobgoblin.

Vanquished Creatures
  2 dart slugs
  A bat (D:1)
  2 endoplasms (D:1)
  3 goblins (D:1)
  4 hobgoblins (D:1)
  A frilled lizard (D:1)
  2 rats (D:1)
15 creatures vanquished.

Vanquished Creatures (others)
  4 withered plants (D:1)
4 creatures vanquished.

Grand Total: 19 creatures vanquished

Notes
Turn   | Place    | Note
-------+----------+-------------------------------------------
     0 | D:1      | qw the Barachi Chaos Knight began the quest for the Orb.
     0 | D:1      | Reached XP level 1. HP: 18/18 MP: 1/1
     0 | D:1      | 0 ||| qw: Version: 0.1-a-108-g9e35731
     0 | D:1      | 0 ||| qw: Game counter: 6386
     0 | D:1      | 0 ||| qw: Always use a shield: true
     0 | D:1      | 0 ||| qw: God list: Okawaru
     0 | D:1      | 0 ||| qw: Allow faded altars: false
     0 | D:1      | 0 ||| qw: Do Orc after D:15 true
     0 | D:1      | 0 ||| qw: Do second Lair branch before Depths: true
     0 | D:1      | 0 ||| qw: Lair rune preference: random
     0 | D:1      | 0 ||| qw: Plans: Normal
     0 | D:1      | 0 ||| PLANNING D:1-11
     0 | D:1      | Fell from the grace of Xom
    15 | D:1      | 15 ||| Stepping ~*~*~tactically~*~*~ (hiding).
   137 | D:1      | XOM: confusion
   262 | D:1      | Reached XP level 2. HP: 24/24 MP: 2/2
   273 | D:1      | XOM: 3-stop teleportation journey
   292 | D:1      | Reached skill level 4 in Axes
   294 | D:1      | 294 ||| Stepping ~*~*~tactically~*~*~ (stealth).
   300 | D:1      | 300 ||| Stepping ~*~*~tactically~*~*~ (stealth).
   301 | D:1      | 301 ||| Stepping ~*~*~tactically~*~*~ (stealth).
   523 | D:1      | Found a faded altar of an unknown god.
   639 | D:1      | 639 ||| Stepping ~*~*~tactically~*~*~ (stealth).
   963 | D:1      | 963 ||| READING scroll labelled UROKERH LESCHIT.
   964 | D:1      | 964 ||| READING scroll labelled YMIF LITEODUIL.
   965 | D:1      | 965 ||| READING scroll labelled KEUNUVI WIARR.
  1116 | D:2      | Noticed Natasha
  1119 | D:2      | Noticed a crimson imp
  1124 | D:2      | HP: 1/24 [Natasha (7)]
  1124 | D:2      | Slain by a hobgoblin

Levels and vault maps discovered:
D:1:      minmay_arrival_loop, layout_loops_ring,
          ebering_ecumenical_altar_petrified
D:2:      layout_rooms, uniq_natasha

Skill      XL: |  1  2 |
---------------+-------+-----
Axes           | 4 |  4.4
Fighting       | |  3.6
Armour         | |  2.4
Dodging        | |  1.1

Action                   || total
-------------------------++-------
Melee: Hand axe          ||    56
Invok: Renounce Religion ||     1
  Use: Scroll            ||     3
 Stab: Paralysed         ||     2
Armor: Leather armour    ||    15
Dodge: Dodged            ||    23

Table legend:
 A = Non-vault XP
 B = Vault XP
 C = Vault XP percentage of total XP
 D = Non-vault monster count
 E = Vault monster count
 F = Vault count percentage of total count
                 A         B        C        D         E       F
            +---------+---------+-------+---------+---------+-------
      Total |      31 |       0 |   0.0 |      15 |       0 |   0.0
            +---------+---------+-------+---------+---------+-------
        D:1 |      27 |       0 |   0.0 |      14 |       0 |   0.0
        D:2 |       4 |       0 |   0.0 |       1 |       0 |   0.0
            +---------+---------+-------+---------+---------+-------
